Map: Ascension to Aiur LE

Players

Serral

  • Race: Zerg Zerg
  • Spawn Location: 5:00

GuMiho - Winner!

  • Race: Terran Terran
  • Spawn Location: 11:00

Event: 2017 WCS Global Finals

VOD

Have the link to the VOD?

Description

Time

  • Played on: Oct. 28, 2017, 3:23 p.m.
  • Length: 12:29

All games in this series

Show
View Real Time Build Order
Export as new Build Order

Serral Zerg 

Build Orders: Pool First, Swarm Host 

Get SALT Encoding   

  12  0:00  Drone  
  13  0:12  Overlord  
  13  0:16  Drone  
  14  0:30  Drone x2  
  14  0:34  Drone  
  17  0:44  Extractor, Drone  
  17  0:50  Spawning Pool  
  17  0:55  Drone  
  17  1:06  Drone  
  18  1:18  Hatchery  
  17  1:21  Drone  
  18  1:36  Queen  
  18  1:37  Zergling x2  
  21  1:43  Metabolic Boost  
  21  1:50  Overlord  
  21  1:54  Zergling x2  
  23  2:08  Drone  
  23  2:10  Drone  
  23  2:11  Queen  
  26  2:21  Drone  
  27  2:30  Queen, Drone  
  27  2:32  Drone  
  31  2:41  Drone  
  31  2:43  Drone x2  
  34  2:44  Drone  
  34  2:48  Pneumatized Carapace  
  35  2:53  Drone  
  35  3:00  Overlord  
  35  3:11  Hatchery  
  34  3:13  Drone x2  
  34  3:19  Drone  
  37  3:20  Drone  
  37  3:21  Drone  
  37  3:24  Drone  
  37  3:26  Overlord  
  39  3:28  Zergling x2  
  39  3:32  Zergling x2  
  41  3:34  Zergling x2  
  41  3:37  Queen  
  44  3:47  Drone x3  
  44  3:48  Overlord  
  47  3:54  Drone x2, Zergling x2  
  50  3:58  Lair  
  50  4:00  Zergling x2  
  51  4:05  Drone  
  51  4:08  Zergling x2  
  51  4:09  Overlord  
  53  4:11  Baneling Nest  
  53  4:13  Extractor  
  53  4:16  Queen  
  53  4:17  Drone  
  53  4:19  Drone  
  53  4:21  Drone  
  56  4:26  Queen  
  56  4:27  Drone  
  56  4:30  Zergling x2  
  56  4:31  Drone  
  61  4:32  Drone  
  61  4:34  Drone  
  61  4:35  Drone  
  61  4:36  Drone  
  65  4:40  Overlord  
  65  4:41  Drone  
  65  4:45  Drone  
  67  4:48  Zergling x4  
  67  4:50  Overlord  
  69  4:53  Overlord  
  69  4:56  Baneling x2  
  69  4:57  Baneling  
  69  4:58  Overseer  
  69  5:00  Drone x2  
  69  5:04  Zergling x2  
  69  5:05  Zergling x2  
  73  5:07  Drone  
  73  5:09  Centrifical Hooks  
  73  5:11  Drone x2  
  76  5:16  Extractor, Spore Crawler, Drone  
  76  5:18  Evolution Chamber, Drone  
  76  5:19  Drone  
  76  5:22  Drone  
  76  5:25  Zergling x6  
  76  5:27  Drone  
  79  5:29  Drone x2  
  79  5:34  Extractor x2, Drone x3  
  82  5:37  Overlord  
  82  5:39  Drone x2  
  84  5:44  Zerg Missile Weapons Level 1  
  84  5:45  Hydralisk Den  
  83  5:51  Spore Crawler, Overseer  
  83  5:53  Spore Crawler  
  83  5:56  Hatchery  
  80  5:58  Drone x2  
  80  6:00  Drone  
  80  6:04  Drone x3  
  85  6:07  Zergling x6  
  85  6:09  Drone x2  
  91  6:13  Baneling x3  
  91  6:15  Drone x4  
  95  6:21  Muscular Augments  
  95  6:22  Extractor  
  95  6:23  Overlord  
  93  6:29  Overlord  
  93  6:31  Hydralisk x2  
  97  6:35  Infestation Pit  
  97  6:38  Hydralisk  
  98  6:40  Overlord x2  
  98  6:41  Overlord  
  98  6:43  Hydralisk x2  
  102  6:49  Hydralisk x2  
  102  6:52  Overlord  
  106  6:59  Zergling x2  
  106  7:00  Zergling x8  
  106  7:01  Baneling x4  
  111  7:07  Drone  
  112  7:09  Evolution Chamber  
  112  7:10  Overlord  
  112  7:15  Drone  
  112  7:16  Hydralisk x2  
  112  7:17  Zergling x10  
  121  7:23  Drone x4  
  121  7:26  Baneling x3  
  121  7:27  Queen, Drone  
  121  7:28  Drone x2  
  130  7:33  Overlord  
  130  7:34  Drone x2  
  132  7:41  Overlord  
  127  7:49  Hydralisk x3  
  127  7:50  Hydralisk, Zergling x4  
  127  7:51  Zergling x8  
  135  7:52  Zerg Melee Weapons Level 1  
  135  7:55  Zerg Missile Weapons Level 2  
  135  7:58  Overlord  
  135  7:59  Drone x2  
  135  8:00  Drone  
  135  8:01  Extractor, Drone  
  135  8:05  Overlord  
  138  8:06  Overlord  
  138  8:12  Hive  
  138  8:14  Drone x3  
  138  8:17  Overlord  
  139  8:21  Swarm Host x3  
  148  8:27  Extractor, Spore Crawler, Swarm Host  
  148  8:28  Swarm Host x2  
  155  8:39  Spine Crawler  
  155  8:40  Spine Crawler  
  155  8:41  Zergling x2, Hydralisk, Hatchery  
  153  8:51  Hydralisk x2  
  153  8:52  Hydralisk x2  
  158  9:10  Drone x4  
  158  9:16  Swarm Host x9  
  185  9:21  Drone  
  185  9:23  Hydralisk x2, Zergling x2  
  185  9:24  Zergling x2  
  192  9:32  Overlord  
  192  9:37  Overlord  
  192  9:41  Overlord  
  192  9:49  Overlord  
  192  9:52  Viper x2  
  192  9:55  Spine Crawler, Viper  
  192  9:58  Zerg Ground Armor Level 1  
  200  10:01  Baneling  
  200  10:02  Baneling x5  
  182  10:21  Hydralisk  
  182  10:22  Hydralisk x6  
  182  10:28  Zergling x14  
  192  10:29  Zergling x2  
  198  10:49  Hydralisk x2  
  189  10:50  Zergling x22  
  189  10:52  Zergling x2  
  189  10:53  Zergling x10  
  189  10:55  Baneling x2  
  189  10:56  Baneling x11  
  200  11:05  Baneling x3  
  197  11:12  Overlord  
  197  11:14  Zergling x8  
  197  11:15  Zergling x6  
  168  11:26  Hydralisk x4, Hatchery  
  168  11:27  Zergling x16  
  173  11:35  Baneling x8, Hydralisk x2  
  173  11:38  Hydralisk x2  
  180  11:44  Overlord x4  
  180  11:45  Overlord  
  176  11:57  Overlord x2  
  175  12:03  Hydralisk x7  
  175  12:04  Hydralisk  
  185  12:10  Zergling x10  
Show
View Real Time Build Order
Export as new Build Order

GuMiho Terran - Winner!

Build Orders: Command Center First (CC), Mech 

Get SALT Encoding   

  12  0:00  SCV  
  13  0:12  SCV  
  14  0:17  Supply Depot  
  14  0:24  SCV  
  15  0:39  SCV  
  16  0:51  SCV  
  17  0:58  Command Center  
  17  1:03  SCV  
  18  1:13  Barracks  
  18  1:16  SCV  
  19  1:22  Refinery  
  19  1:28  SCV  
  19  1:29  Refinery  
  20  1:40  SCV  
  21  1:52  SCV  
  22  2:00  Reaper  
  23  2:04  Orbital Command  
  23  2:10  Orbital Command  
  23  2:17  Factory  
  23  2:29  SCV  
  24  2:32  Barracks Reactor  
  24  2:36  SCV  
  25  2:41  SCV  
  26  2:48  SCV  
  27  2:54  SCV  
  28  3:03  Command Center  
  28  3:07  Starport, SCV x2  
  28  3:11  Supply Depot  
  30  3:19  SCV x2  
  31  3:20  Barracks Tech Lab  
  31  3:21  Hellion  
  31  3:24  Hellion  
  35  3:31  SCV x2  
  37  3:43  SCV x2  
  37  3:46  Hellion  
  43  3:50  Viking  
  45  3:55  SCV  
  45  3:58  SCV  
  45  3:59  Supply Depot  
  45  4:04  Armory x2  
  45  4:08  Refinery  
  45  4:09  Refinery  
  45  4:12  SCV  
  45  4:16  Supply Depot  
  46  4:18  Orbital Command  
  46  4:21  Banshee  
  46  4:23  SCV  
  50  4:24  SCV  
  50  4:27  Barracks Tech Lab  
  51  4:35  SCV  
  51  4:36  Hellion x2, SCV  
  57  4:47  SCV  
  57  4:48  SCV  
  57  4:51  Factory, SCV  
  57  4:52  Terran Vehicle Weapons Level 1  
  60  4:53  Terran Vehicle And Ship Armor Level 1  
  60  4:56  Orbital Command  
  60  4:59  SCV  
  61  5:04  Hellion x2  
  65  5:07  Factory  
  65  5:10  Supply Depot, SCV  
  65  5:11  SCV  
  67  5:15  Starport Reactor  
  67  5:21  SCV  
  67  5:22  SCV  
  67  5:23  SCV  
  67  5:28  Hellion x2  
  74  5:33  SCV  
  74  5:34  SCV  
  74  5:35  Supply Depot, SCV  
  77  5:45  SCV  
  77  5:46  Refinery  
  77  5:47  Refinery, SCV  
  79  5:55  Thor  
  79  5:56  Thor  
  91  5:59  Supply Depot, SCV x2  
  91  6:00  Supply Depot  
  91  6:01  Supply Depot  
  93  6:06  SCV  
  93  6:13  Supply Depot  
  93  6:14  SCV  
  92  6:19  SCV  
  92  6:20  Factory x2, SCV  
  92  6:22  Medivac x2  
  98  6:26  SCV  
  98  6:28  Hellion x2  
  98  6:31  SCV  
  98  6:32  SCV  
  105  6:38  Siege Tank  
  111  6:40  Supply Depot, Siege Tank  
  111  6:42  Supply Depot  
  111  6:46  Engineering Bay  
  111  6:47  Terran Vehicle Weapons Level 2  
  111  6:49  Hellion x2  
  111  6:51  Terran Vehicle And Ship Armor Level 2  
  115  6:54  Liberator  
  113  7:07  Supply Depot, Command Center  
  113  7:10  Factory Tech Lab, Factory Reactor  
  113  7:13  Siege Tank  
  113  7:15  Hellion  
  121  7:20  Siege Tank  
  121  7:21  Hellion  
  128  7:30  Hellion  
  128  7:32  Missile Turret  
  128  7:36  Hellion  
  128  7:50  Hellion, Siege Tank  
  128  7:51  Hellion, Siege Tank  
  116  7:52  SCV x3  
  123  8:04  SCV x3  
  126  8:12  Supply Depot  
  126  8:16  SCV x3  
  126  8:17  Viking, Siege Tank  
  126  8:18  Viking  
  126  8:19  Planetary Fortress  
  130  8:22  Siege Tank  
  133  8:28  SCV x3  
  133  8:30  Hellion, Siege Tank  
  133  8:33  Hellion  
  143  8:40  SCV x2  
  145  8:42  Infernal Pre-Igniter  
  145  8:47  Viking  
  148  8:48  SCV  
  148  8:51  Viking  
  148  8:52  SCV x2  
  148  8:54  Missile Turret  
  152  8:59  Siege Tank x2  
  152  9:00  Hellion x2  
  152  9:01  Hellion  
  161  9:10  Terran Vehicle Weapons Level 3  
  161  9:18  Hellion x2  
  161  9:21  Hellion x2  
  161  9:22  Supply Depot x3  
  169  9:25  Hellion  
  171  9:42  Supply Depot  
  171  9:43  Supply Depot  
  171  9:44  Hellion x3  
  176  9:45  Factory  
  176  9:46  Factory  
  176  9:50  Factory  
  174  9:54  Widow Mine  
  174  9:55  Hellion x2, Siege Tank  
  174  9:59  SCV x3  
  186  10:00  Supply Depot  
  186  10:04  Missile Turret  
  186  10:05  Hellion, Siege Tank  
  190  10:13  Siege Tank  
  187  10:22  Hellion x2  
  187  10:26  Viking x2  
  187  10:27  Siege Tank  
  194  10:30  Hellion  
  196  10:36  Supply Depot, Factory Tech Lab x2  
  196  10:44  Siege Tank  
  196  10:49  Siege Tank  
  188  10:51  Hellion  
  188  10:54  Hellion  
  188  10:55  Hellion x2  
  188  10:56  Viking x2  
  196  10:58  Hellion  
  196  11:05  Siege Tank  
  196  11:13  Siege Tank x2  
  196  11:14  Hellion  
  200  11:21  Siege Tank, Factory Reactor  
  200  11:22  Hellion x3  
  200  11:24  Hellion  
  173  11:36  Hellion  
  173  11:38  Hellion  
  177  11:43  Hellion  
  177  11:45  Hellion, Siege Tank  
  177  11:46  Hellion x3  
  185  11:54  Hellion  
  185  11:57  Hellion  
  192  12:01  Hellion  
  192  12:03  Hellion  
  192  12:05  Hellion  
  192  12:07  Hellion  
Tags
 
Add a new tag
Caveats
  • Supply blocks, unpowered buildings, or Contaminate may cause inaccurate times.
  • Supply counts are checked every 10 seconds.